 Dungeon Sprint DCSS version 0.17-a0-1805-g6093636 (webtiles) character file.

91334 Kidiri the Imperceptible (level 15, -47/63 HPs)
             Began as a Spriggan Enchanter on Sept 12, 2015.
             Was the Champion of Dithmenos.
             Blown up by Boris (67 damage)
             ... with an orb of destruction
             ... in the Dungeon (Sprint III: "The Ten Rune Challenge").
             The game lasted 01:00:51 (8402 turns).

Kidiri the Imperceptible (Spriggan Enchanter)       Turns: 8402, Time: 01:00:51

Health: -47/63     AC: 11    Str:  4    XL:     15   Next: 17%
Magic:  28/40      EV: 46    Int: 20    God:    Dithmenos [******]
Gold:   1232       SH:  0    Dex: 33    Spells: 15 memorised, 2 levels left

rFire  + . .     SeeInvis +     a - +9 dagger of Chilly Death {flash freeze, rPois rF- rC++ MR+}
rCold  + + .     Clarity  +     w - +2 robe {rPois}
rNeg   . . .     SustAt   .     (shield restricted)
rPois  +         Gourm    .     s - +2 hat {SInv}
rElec  .         Spirit   .     b - +1 cloak
rCorr  .         Warding  .     (gloves unavailable)
rMut   .         NoTele   +     (boots unavailable)
MR     +++..                    y - amulet of Toffin {Faith *Contam rF++ Dex+7}
Stlth  ++++++++++               A - +2 ring of dexterity
                                z - +3 ring of protection

@: wreathed by umbra, very quick, extremely resistant to hostile enchantments,
uncannily stealthy
A: unfitting armour, horns 1, thin skeletal structure 1, see invisible, agile 1,
clarity, herbivore 3, speed 3, poison resistance, slow metabolism 2
a: Shadow Step, Shadow Form, Renounce Religion
}: 1/10 runes: barnacled


You were in the Dungeon.
You worshipped Dithmenos.
Dithmenos was exalted by your worship.
You were not hungry.

You visited 1 branch You collected 2394 gold pieces.
You spent 1162 gold pieces at shops.

Inventory:

Hand weapons
 a - the +9 dagger of Chilly Death (weapon) {flash freeze, rPois rF- rC++ MR+}
   (You found it in the Dungeon)

   It has been specially enchanted to freeze those struck by it, causing extra
   injury to most foes and up to half again as much damage against particularly
   susceptible opponents.
   It can also slow down cold-blooded creatures.
   It makes you vulnerable to fire.
   It greatly protects you from cold.
   It protects you from poison.
   It affects your resistance to hostile enchantments.
Armour
 b - a +1 cloak (worn)
 s - a +2 hat of see invisible (worn)
 w - a +2 robe of poison resistance (worn)
Jewellery
 y - the amulet of Toffin (around neck) {Faith *Contam rF++ Dex+7}
   (You took it off a deep elf high priest in the Dungeon)

   [amulet of faith]

   It allows you to gain divine favour quickly.
   It affects your dexterity (+7).
   It greatly protects you from fire.
   It causes magical contamination when unequipped.
 z - a +3 ring of protection (left hand)
 A - a +2 ring of dexterity (right hand)
 C - an uncursed ring of sustain attributes
 F - the ring "Xuasmep" {rC+ Str+5 Dex-4}
   (You took it off a deep elf demonologist in the Dungeon)

   [ring of protection from cold]

   It affects your strength (+5).
   It affects your dexterity (-4).
   It protects you from cold.
 N - an uncursed amulet of rage
 O - an uncursed ring of magical power
Magical devices
 k - a wand of hasting (3)
 J - a wand of lightning (4)
Scrolls
 j - a scroll of blinking
 m - a scroll of holy word
 o - 2 scrolls of remove curse
 t - a scroll of torment {unknown}
 v - a scroll of enchant weapon {unknown}
 B - 5 scrolls of amnesia
Potions
 c - 3 potions of might
 d - a potion of lignification
 e - a potion of curing
 g - a potion of haste
 h - a potion of magic
 i - a potion of berserk rage
 n - 4 potions of brilliance
 q - a potion of cure mutation
 r - 2 potions of flight
Books
 D - a book of the Sky

   Spells                             Type                      Level
   a - Summon Lightning Spire         Summoning/Air                4
   b - Airstrike                      Air                          4
   c - Silence                        Hexes/Air                    5
   d - Deflect Missiles               Charms/Air                   6
   e - Conjure Ball Lightning         Conjuration/Air              6
   f - Tornado                        Air                          9
Comestibles
 l - 10 fruits
 p - 28 royal jellies


   Skills:
 + Level 14.4 Short Blades
 * Level 23.8 Dodging
 * Level 25.6 Stealth
 * Level 20.8 Spellcasting
 + Level 10.2 Conjurations
 + Level 15.5 Hexes
 + Level 10.3 Translocations
 + Level 9.1 Transmutations
 + Level 11.4 Ice Magic
 + Level 6.6 Air Magic
 + Level 11.5 Earth Magic
 + Level 7.0 Poison Magic
 - Level 2.8 Invocations


You had 2 spell levels left.
You knew the following spells:

 Your Spells              Type           Power        Failure   Level  Hunger
a - Corona                Hex            ######.      0%          1    None
b - Ensorcelled Hibernat  Hex/Ice        ######       0%          2    None
c - Confuse               Hex            ######..     0%          3    None
d - Tukima's Dance        Hex            ######..     0%          3    None
e - Dazzling Spray        Conj/Hex       ######..     1%          3    None
f - Stone Arrow           Conj/Erth      ######       1%          3    None
g - Mephitic Cloud        Conj/Pois/Air  ######..     1%          3    None
h - Cure Poison           Pois           #####.....   1%          2    None
i - Venom Bolt            Conj/Pois      ######....   1%          5    None
j - Gell's Gravitas       Hex/Tloc       ######....   1%          3    None
k - Metabolic Englaciati  Hex/Ice        ######....   1%          5    None
l - Petrify               Trmt/Erth      ######..     1%          4    None
m - Cause Fear            Hex            ######....   1%          4    None
n - Freezing Cloud        Conj/Ice/Air   ######....   10%         6    ####...
o - Poisonous Cloud       Conj/Pois/Air  ######....   14%         6    ####...


Dungeon Overview and Level Annotations

Branches:
Dungeon (1/1)

Altars:
Cheibriados
Dithmenos
Elyvilon
Fedhas
Gozag
Kikubaaqudgha
Makhleb
Nemelex Xobeh
Okawaru
Qazlal
Ru
Sif Muna
Trog
Vehumet
Xom
Yredelemnul
Zin
The Shining One
Jiyva
Lugonu

Shops:
D :%[}(=?[[!}:*?%[?(=

Annotations:
D Boris


Innate Abilities, Weirdness & Mutations

You are tiny and cannot use many weapons and most armour.
You have supernaturally acute eyesight.
You are a herbivore.
You cover ground extremely quickly.
You need consume almost no food.
You have a pair of small horns on your head.
You have a somewhat thin skeletal structure (Dex +2, Stealth).
You are agile. (Dex +2)
You possess an exceptional clarity of mind.
Your system is resistant to poisons.


Message History

Drink which item? (? for menu, Esc to quit)
Okay, then.
Drink which item? (? for menu, Esc to quit)
You feel better.
Drink which item? (? for menu, Esc to quit)
Okay, then.
Drink which item? (? for menu, Esc to quit)
Magic courses through your body.
Casting: Dazzling Spray
Confirm with . or Enter, or press ? or * to list all spells.
Aiming: Dazzling Spray
Press: ? - help, Shift-Dir - straight line, f/p - Boris
Aim: Boris, wearing a runed robe (grey smoke, almost destroyed, slightly transparent, umbra)
The spray of energy hits Boris.
Boris is almost destroyed.
Boris conjures an orb of pure magic.
Unknown command.
The orb of destruction hits you!
Ouch! That really hurt!
You die...

▓...........P▓#.....+,,,+,*,##.#
▓≈≈.......P≈≈▓#.#############..+
▓≈≈≈....PP≈≈≈▓#.#[PP........+..#
▓≈≈≈≈≈..≈≈≈≈≈▓#.#P..))..########
▓≈≈≈≈≈≈≈≈≈≈≈≈▓#.#P....###.∩⌠⌠∩.#
▓≈≈≈≈≈≈≈≈≈≈≈≈▓#.#...###.#.∩⌠⌠∩.#
▓≈≈≈≈≈≈≈≈≈≈≈≈▓#.#.###...#.∩∩∩∩.#
▓≈≈≈≈≈≈≈≈≈≈≈≈▓#.#+#...§.#.∩∩∩∩.#
▓≈≈≈≈≈≈≈≈≈≈≈≈▓#@#§L§§§.§#......#
▓≈≈≈≈≈≈≈≈≈≈≈≈▓#§#§§§§§..###++###
▓≈≈≈≈≈≈≈≈≈≈≈≈▓#§§§§§§§L.#.⌠..⌠.#
▓≈≈≈≈≈≈≈≈≈≈≈≈▓#########Z#......#
▓≈≈≈......≈≈≈▓#.#.#.#§#§§......#
▓≈≈..∩∩.∩..≈≈▓#...§...§§§§.....#
▓▓▓▓▓▓▓▓▓▓▓▓▓▓#.....Z§§§§§§....#
**********########.##############
**,≈,,,,≈,#L§L###.Z.##,*≈≈≈≈≈≈**#


There were no monsters in sight!

Vanquished Creatures
  Norris (D)
  Rupert (D)
  2 liches (D)
  A deep elf blademaster (D)
  2 sphinxes (D)
  Gastronok (D)
  A kraken (D)
  Harold (D)
  Chuck (D)
  2 shadow dragons (D)
  Maud (D)
  2 deep elf demonologists (D)
  A deep elf annihilator (D)
  2 dire elephants (D)
  An ettin (shapeshifter) (D)
  A deep elf death mage (D)
  A fire dragon (D)
  A yaktaur captain (D)
  4 mummy priests (D)
  A deep elf high priest (D)
  2 hydras (D)
  A ghost crab (shapeshifter) (D)
  2 centaur warriors (D)
  Erica (D)
  An alligator snapping turtle (D)
  4 dancing weapons (D)
  4 death yaks (D)
  An ogre mage (D)
  A titan zombie (D)
  4 hell knights (D)
  An iron golem (D)
  A deep elf knight (D)
  A death drake (shapeshifter) (D)
  A deep troll (shapeshifter) (D)
  A skeletal warrior (D)
  An unseen horror (D)
  A spriggan druid (D)
  An anaconda zombie (D)
  3 death drakes (D)
  A deep elf summoner (D)
  An obsidian statue (D)
  A lindwurm (shapeshifter) (D)
  2 deep elf conjurers (D)
  Joseph (D)
  A faun (shapeshifter) (D)
  A lindwurm (D)
  An orc sorcerer (D)
  An orc knight (D)
  4 crystal guardians (D)
  4 ugly things (D)
  A water nymph (shapeshifter) (D)
  A cyclops (shapeshifter) (D)
  2 black mambas (D)
  2 elephants (D)
  4 statues (D)
  An orange crystal statue (D)
  2 spiny frogs (D)
  A fire drake (D)
  A komodo dragon (D)
  A guardian mummy (D)
  3 wandering mushrooms (D)
  A queen bee (D)
  4 spriggan defenders (D)
  2 deep elf priests (D)
  3 orc high priests (D)
  5 snapping turtles (D)
  3 slime creatures (D)
  8 blink frogs (D)
  3 redbacks (D)
  A shadow (D)
  2 spriggans (D)
  A spatial vortex (D)
  A swamp drake (D)
  A necrophage (D)
  A swamp dragon skeleton (D)
  2 centaurs (D)
  An earth elemental (D)
  2 brain worms (D)
  A water elemental (D)
  32 killer bees (D)
  An electric eel (D)
  A wizard (D)
  4 orc priests (D)
  A jelly (D)
  Jessica (D)
  An orc wizard (D)
  2 necromancers (D)
  A kobold demonologist (D)
  3 humans (D)
  An ooze (D)
  A phantom (D)
  9 orcs (D)
  A bat (D)
  2 rats (D)
  2 plants (D)
202 creatures vanquished.

Vanquished Creatures (collateral kills)
  An orc high priest (D)
  A deep elf priest (D)
  An orc (D)
3 creatures vanquished.

Vanquished Creatures (others)
  2 draconian scorchers (D)
  2 mummy priests (D)
  2 yaktaurs (D)
  An iron troll simulacrum (D)
  A bush (D)
  2 plants (D)
  8 tentacles (D)
  68 tentacle segments (D)
86 creatures vanquished.

Grand Total: 291 creatures vanquished

Notes
Turn   | Place    | Note
--------------------------------------------------------------
     0 | D        | Kidiri the Spriggan Enchanter began the quest for the Orb.
     0 | D        | Reached XP level 1. HP: 9/9 MP: 5/5
    12 | D        | Reached skill level 5 in Stealth
    77 | D        | Noticed Jessica
    87 | D        | Killed Jessica
    87 | D        | Reached skill level 5 in Dodging
    87 | D        | Reached skill level 6 in Stealth
    87 | D        | Reached XP level 2. HP: 11/13 MP: 4/8
    87 | D        | Reached XP level 3. HP: 13/16 MP: 5/10
    95 | D        | Learned a level 2 spell: Ensorcelled Hibernation
    99 | D        | Learned a level 3 spell: Confuse
   103 | D        | Learned a level 3 spell: Tukima's Dance
   156 | D        | Reached skill level 7 in Stealth
   172 | D        | Killed a white draconian scorcher
   185 | D        | Killed a white draconian scorcher
   226 | D        | Gained mutation: You are agile. (Dex +2) [potion of mutation]
   226 | D        | Gained mutation: You have a pair of small horns on your head. [potion of mutation]
   226 | D        | Gained mutation: Your system is resistant to poisons. [potion of mutation]
   228 | D        | Gained mutation: You are very agile. (Dex +4) [potion of mutation]
   228 | D        | Gained mutation: You possess an exceptional clarity of mind. [potion of mutation]
   228 | D        | Gained mutation: You have a somewhat thin skeletal structure (Dex +2, Stealth). [potion of mutation]
   310 | D        | Killed a yaktaur
   332 | D        | Noticed a water elemental
   335 | D        | Killed a water elemental
   335 | D        | Reached skill level 8 in Stealth
   335 | D        | Reached skill level 5 in Hexes
   335 | D        | Reached skill level 1 in Ice Magic
   335 | D        | Reached XP level 4. HP: 21/21 MP: 11/13
   340 | D        | Learned a level 3 spell: Dazzling Spray
   365 | D        | Noticed a jelly
   366 | D        | Noticed a shadow
   368 | D        | Killed a shadow
   368 | D        | Reached skill level 10 in Stealth
   368 | D        | Reached skill level 1 in Conjurations
   368 | D        | Reached XP level 5. HP: 24/24 MP: 14/16
   368 | D        | Reached XP level 6. HP: 28/28 MP: 14/17
   372 | D        | Killed a jelly
   391 | D        | Found a stormy altar of Qazlal.
   391 | D        | Noticed a spatial vortex
   392 | D        | Found a sacrificial altar of Ru.
   392 | D        | Found a burning altar of Makhleb.
   392 | D        | Found a viscous altar of Jiyva.
   392 | D        | Found a shimmering altar of Xom.
   392 | D        | Found a shadowy altar of Dithmenos.
   392 | D        | Found a sparkling altar of Nemelex Xobeh.
   392 | D        | Found a corrupted altar of Lugonu.
   392 | D        | Found an opulent altar of Gozag.
   396 | D        | Became a worshipper of Dithmenos the Shadowed
   408 | D        | Killed a spatial vortex
   408 | D        | Reached skill level 5 in Short Blades
   408 | D        | Reached skill level 11 in Stealth
   408 | D        | Reached skill level 1 in Invocations
   535 | D        | Found a radiant altar of Vehumet.
   536 | D        | Found a deep blue altar of Sif Muna.
   536 | D        | Found an ancient bone altar of Kikubaaqudgha.
   536 | D        | Noticed a wizard
   537 | D        | Killed a wizard
   547 | D        | Learned a level 3 spell: Stone Arrow
   558 | D        | Found a glowing silver altar of Zin.
   559 | D        | Found a glowing golden altar of the Shining One.
   559 | D        | Found a white marble altar of Elyvilon.
   559 | D        | Noticed a deep elf priest
   561 | D        | Killed a deep elf priest
   561 | D        | Reached skill level 10 in Dodging
   561 | D        | Reached skill level 1 in Earth Magic
   561 | D        | Reached XP level 7. HP: 32/32 MP: 18/20
   572 | D        | Found an iron altar of Okawaru.
   573 | D        | Found a bloodstained altar of Trog.
   573 | D        | Noticed a human
   573 | D        | Noticed a human
   575 | D        | Killed a human
   575 | D        | Reached skill level 12 in Stealth
   582 | D        | Killed a human
   629 | D        | Found a snail-covered altar of Cheibriados.
   629 | D        | Noticed a necrophage
   630 | D        | Found a basalt altar of Yredelemnul.
   630 | D        | Found a blossoming altar of Fedhas.
   630 | D        | Noticed a necromancer
   631 | D        | Killed a necrophage
   631 | D        | Acquired Dithmenos's first power
   631 | D        | Reached XP level 8. HP: 36/36 MP: 22/22
   632 | D        | Killed a necromancer
   657 | D        | Noticed Erica
   660 | D        | Killed Erica
   660 | D        | Reached skill level 13 in Stealth
   660 | D        | Reached skill level 10 in Spellcasting
   665 | D        | Noticed an earth elemental
   743 | D        | Killed an earth elemental
   917 | D        | Killed a yaktaur
  1031 | D        | Noticed a centaur
  1031 | D        | Noticed a centaur warrior
  1031 | D        | Noticed a centaur
  1038 | D        | Killed a centaur
  1038 | D        | Acquired Dithmenos's second power
  1040 | D        | Killed a centaur
  1043 | D        | Killed a centaur warrior
  1043 | D        | Reached skill level 14 in Stealth
  1043 | D        | Reached skill level 5 in Ice Magic
  1043 | D        | Reached XP level 9. HP: 34/39 MP: 1/25
  1174 | D        | Noticed an unseen horror
  1178 | D        | Killed an unseen horror
  1178 | D        | Reached skill level 15 in Stealth
  1190 | D        | Noticed a killer bee
  1190 | D        | Noticed a killer bee
  1190 | D        | Noticed a killer bee
  1190 | D        | Noticed a killer bee
  1190 | D        | Noticed a killer bee
  1190 | D        | Noticed a killer bee
  1190 | D        | Noticed a killer bee
  1190 | D        | Noticed a killer bee
  1190 | D        | Noticed a killer bee
  1190 | D        | Noticed a killer bee
  1190 | D        | Noticed a killer bee
  1190 | D        | Noticed a killer bee
  1190 | D        | Noticed a killer bee
  1190 | D        | Noticed a killer bee
  1190 | D        | Noticed a killer bee
  1191 | D        | Noticed a killer bee
  1191 | D        | Noticed a killer bee
  1191 | D        | Noticed a killer bee
  1191 | D        | Noticed a killer bee
  1192 | D        | Noticed a killer bee
  1192 | D        | Noticed a queen bee
  1192 | D        | Killed a killer bee
  1194 | D        | Noticed a killer bee
  1194 | D        | Noticed a killer bee
  1194 | D        | Killed a killer bee
  1194 | D        | Acquired Dithmenos's third power
  1196 | D        | Killed a killer bee
  1198 | D        | Noticed a killer bee
  1199 | D        | Noticed a killer bee
  1200 | D        | Noticed a killer bee
  1200 | D        | Noticed a killer bee
  1201 | D        | Noticed a killer bee
  1201 | D        | Killed a killer bee
  1202 | D        | Noticed a killer bee
  1202 | D        | Noticed a killer bee
  1203 | D        | Killed a killer bee
  1205 | D        | Killed a killer bee
  1207 | D        | Killed a killer bee
  1207 | D        | Acquired Dithmenos's fourth power
  1208 | D        | Noticed a killer bee
  1209 | D        | Killed a killer bee
  1211 | D        | Noticed a killer bee
  1211 | D        | Killed a killer bee
  1213 | D        | Killed a killer bee
  1215 | D        | Killed a killer bee
  1223 | D        | Noticed a killer bee
  1358 | D        | Killed a killer bee
  1360 | D        | Killed a killer bee
  1362 | D        | Killed a killer bee
  1364 | D        | Killed a killer bee
  1366 | D        | Killed a killer bee
  1368 | D        | Killed a killer bee
  1370 | D        | Killed a killer bee
  1370 | D        | Reached skill level 5 in Earth Magic
  1370 | D        | Reached XP level 10. HP: 44/44 MP: 15/27
  1372 | D        | Killed a killer bee
  1372 | D        | Reached skill level 5 in Conjurations
  1374 | D        | Killed a killer bee
  1376 | D        | Killed a killer bee
  1378 | D        | Killed a killer bee
  1380 | D        | Killed a killer bee
  1383 | D        | Killed a killer bee
  1521 | D        | Killed a killer bee
  1522 | D        | Killed a killer bee
  1525 | D        | Killed a killer bee
  1527 | D        | Killed a killer bee
  1529 | D        | Killed a killer bee
  1531 | D        | Killed a killer bee
  1533 | D        | Killed a killer bee
  1535 | D        | Killed a killer bee
  1537 | D        | Killed a queen bee
  1537 | D        | Reached skill level 16 in Stealth
  1687 | D        | Noticed a wandering mushroom
  1688 | D        | Noticed a wandering mushroom
  1688 | D        | Noticed a wandering mushroom
  1689 | D        | Killed a wandering mushroom
  1691 | D        | Killed a wandering mushroom
  1692 | D        | Killed a wandering mushroom
  1737 | D        | Noticed a spiny frog
  1737 | D        | Noticed a komodo dragon
  1737 | D        | Noticed a spiny frog
  1740 | D        | Killed a spiny frog
  1742 | D        | Killed a spiny frog
  1742 | D        | Reached skill level 15 in Dodging
  1742 | D        | Reached skill level 10 in Hexes
  1743 | D        | Killed a komodo dragon
  1824 | D        | Noticed a redback
  1826 | D        | Killed a redback
  1827 | D        | Noticed a brain worm
  1831 | D        | Killed a brain worm
  1837 | D        | Noticed a brain worm
  1839 | D        | Killed a brain worm
  1843 | D        | Noticed a lindwurm
  1845 | D        | Noticed a redback
  1846 | D        | Killed a lindwurm
  1846 | D        | Reached skill level 17 in Stealth
  1849 | D        | Killed a redback
  1853 | D        | Noticed a redback
  1854 | D        | Killed a redback
  1855 | D        | Noticed Maud
  1857 | D        | Killed Maud
  1857 | D        | Reached XP level 11. HP: 47/47 MP: 28/30
  1867 | D        | Noticed an electric eel
  1868 | D        | Noticed a seven-headed hydra
  1868 | D        | Noticed a five-headed hydra
  1869 | D        | Killed an electric eel
  1871 | D        | Killed a seven-headed hydra
  1872 | D        | Killed a five-headed hydra
  1872 | D        | Reached skill level 18 in Stealth
  1908 | D        | Noticed a death drake
  1911 | D        | Killed a death drake
  1921 | D        | Found a blossoming altar of Fedhas.
  1921 | D        | Noticed a spriggan
  1921 | D        | Noticed a spriggan druid
  1921 | D        | Noticed a spriggan
  1923 | D        | Killed a spriggan druid
  1923 | D        | Reached skill level 10 in Short Blades
  1924 | D        | Killed a spriggan
  1925 | D        | Killed a spriggan
  1949 | D        | Noticed a snapping turtle
  1953 | D        | Killed a snapping turtle
  2007 | D        | Noticed a snapping turtle
  2007 | D        | Noticed a kraken
  2009 | D        | Noticed a snapping turtle
  2009 | D        | Noticed an alligator snapping turtle
  2012 | D        | Killed a snapping turtle
  2208 | D        | Killed a kraken
  2208 | D        | Reached skill level 15 in Spellcasting
  2688 | D        | Killed an alligator snapping turtle
  2688 | D        | Reached skill level 19 in Stealth
  2695 | D        | Noticed a snapping turtle
  2696 | D        | Noticed a snapping turtle
  2696 | D        | Found Jat Qay's Magic Scroll Boutique.
  2696 | D        | Found Plog's Antique Weapon Shop.
  2696 | D        | Found Gistrip's Gadget Emporium.
  2699 | D        | Killed a snapping turtle
  2701 | D        | Killed a snapping turtle
  2703 | D        | Killed a snapping turtle
  2707 | D        | Got a barnacled rune of Zot
  2798 | D        | Noticed a swamp drake
  2798 | D        | Noticed a fire drake
  2799 | D        | Killed a fire drake
  2801 | D        | Killed a swamp drake
  2808 | D        | Noticed a blink frog
  2808 | D        | Noticed a blink frog
  2811 | D        | Killed a blink frog
  2812 | D        | Noticed a blink frog
  2812 | D        | Noticed a blink frog
  2813 | D        | Killed a blink frog
  2864 | D        | Noticed a blink frog
  2867 | D        | Killed a blink frog
  2869 | D        | Killed a blink frog
  2869 | D        | Reached XP level 12. HP: 51/51 MP: 14/32
  2873 | D        | Killed a blink frog
  2967 | D        | Noticed Rupert
  2980 | D        | Killed Rupert
  3213 | D        | Noticed a death yak
  3214 | D        | Noticed a death yak
  3214 | D        | Noticed a blink frog
  3215 | D        | Noticed an azure jelly
  3215 | D        | Noticed a death yak
  3215 | D        | Noticed an azure jelly
  3215 | D        | Noticed a blink frog
  3215 | D        | Noticed a death yak
  3216 | D        | Killed a death yak
  3216 | D        | Reached skill level 20 in Stealth
  3217 | D        | Killed a death yak
  3218 | D        | Killed a blink frog
  3219 | D        | Noticed a blink frog
  3219 | D        | Noticed a black mamba
  3220 | D        | Killed a death yak
  3221 | D        | Noticed a black mamba
  3222 | D        | Killed a blink frog
  3223 | D        | Killed a blink frog
  3224 | D        | Killed a death yak
  3226 | D        | Killed a black mamba
  3227 | D        | Killed a black mamba
  3239 | D        | Noticed an azure jelly
  3239 | D        | Noticed an azure jelly
  3270 | D        | Noticed a swamp dragon skeleton
  3271 | D        | Noticed a death drake
  3274 | D        | Killed a death drake
  3276 | D        | Killed a swamp dragon skeleton
  3280 | D        | Noticed a death drake
  3281 | D        | Found Verolon's Book Shoppe.
  3281 | D        | Found Jafisch's Food Boutique.
  3284 | D        | Killed a death drake
  3288 | D        | Found Burukaoc's Antique Armour Emporium.
  3288 | D        | Noticed a swamp dragon skeleton
  3288 | D        | Noticed a swamp dragon skeleton
  3328 | D        | Noticed an elephant
  3328 | D        | Noticed an elephant
  3328 | D        | Noticed a dire elephant
  3328 | D        | Noticed a dire elephant
  3328 | D        | Noticed Gastronok
  3330 | D        | Killed Gastronok
  3330 | D        | Reached skill level 21 in Stealth
  3331 | D        | Killed a dire elephant
  3333 | D        | Killed a dire elephant
  3337 | D        | Killed an elephant
  3339 | D        | Killed an elephant
  3443 | D        | Noticed an orc high priest
  3443 | D        | Noticed an orc knight
  3444 | D        | Noticed an orc priest
  3444 | D        | Noticed an orc priest
  3444 | D        | Noticed an orc sorcerer
  3444 | D        | Noticed an orc wizard
  3444 | D        | Noticed an orc priest
  3444 | D        | Found Xeaguiploi's Jewellery Shop.
  3456 | D        | Killed an orc high priest
  3456 | D        | Reached XP level 13. HP: 32/55 MP: 15/35
  3457 | D        | Killed an orc knight
  3460 | D        | Killed an orc wizard
  3463 | D        | Killed an orc priest
  3470 | D        | Killed an orc priest
  3627 | D        | Killed an orc sorcerer
  3631 | D        | Killed an orc priest
  3834 | D        | Noticed a deep elf priest
  3834 | D        | Noticed a deep elf conjurer
  3834 | D        | Noticed a deep elf summoner
  3834 | D        | Noticed a deep elf priest
  3834 | D        | Noticed a deep elf knight
  3844 | D        | Killed a deep elf summoner
  3852 | D        | Killed a deep elf priest
  3863 | D        | Killed a deep elf knight
  3867 | D        | Killed a deep elf conjurer
  3880 | D        | Killed a deep elf priest
  4232 | D        | Noticed a deep elf demonologist
  4233 | D        | Noticed a deep elf conjurer
  4270 | D        | Noticed a deep elf demonologist
  4276 | D        | Killed a deep elf demonologist
  4336 | D        | Noticed a deep elf annihilator
  4339 | D        | Noticed a deep elf high priest
  4350 | D        | Killed a deep elf high priest
  4350 | D        | Reached skill level 22 in Stealth
  4498 | D        | Noticed a deep elf death mage
  4502 | D        | Noticed a deep elf blademaster
  4504 | D        | Noticed a cacodemon
  4508 | D        | Killed a deep elf annihilator
  4593 | D        | Killed a deep elf conjurer
  4640 | D        | Killed a deep elf death mage
  4650 | D        | Noticed a cacodemon
  4651 | D        | Killed a deep elf demonologist
  4955 | D        | Killed a deep elf blademaster
  5131 | D        | Bought a scroll of blinking for 82 gold pieces
  5131 | D        | Bought a scroll of blinking for 82 gold pieces
  5131 | D        | Bought a scroll of identify for 22 gold pieces
  5253 | D        | Got a smoking scale mail
  5253 | D        | Got a twitching golden amulet
  5268 | D        | Got a transparent gossamer ring
  5301 | D        | Identified the amulet of Toffin {Faith *Contam rF++ Dex+7} (You took it off a deep elf high priest in the Dungeon)
  5302 | D        | Identified the ring "Xuasmep" {rC+ Str+5 Dex-4} (You took it off a deep elf demonologist in the Dungeon)
  5348 | D        | Lost mutation: You are very agile. (Dex +4) [mutagenic glow]
  5543 | D        | Learned a level 3 spell: Mephitic Cloud
  5546 | D        | Learned a level 2 spell: Cure Poison
  5552 | D        | Learned a level 5 spell: Venom Bolt
  5557 | D        | Learned a level 3 spell: Gell's Gravitas
  5563 | D        | Learned a level 5 spell: Metabolic Englaciation
  5568 | D        | Learned a level 4 spell: Petrify
  5575 | D        | Learned a level 4 spell: Cause Fear
  5620 | D        | Noticed Harold
  5620 | D        | Noticed Joseph
  5622 | D        | Killed Harold
  5622 | D        | Reached skill level 1 in Translocations
  5622 | D        | Reached skill level 1 in Transmutations
  5622 | D        | Reached skill level 1 in Air Magic
  5622 | D        | Reached skill level 1 in Poison Magic
  5623 | D        | Killed Joseph
  5623 | D        | Reached skill level 10 in Earth Magic
  5631 | D        | Noticed an orc high priest
  5631 | D        | Noticed an orc priest
  5632 | D        | Noticed an orc high priest
  5632 | D        | Noticed an orc high priest
  5633 | D        | Killed an orc high priest
  5634 | D        | Killed an orc priest
  5636 | D        | Killed an orc high priest
  5637 | D        | Killed an orc high priest
  5691 | D        | Noticed an orange crystal statue
  5691 | D        | Noticed a spriggan defender
  5692 | D        | Noticed a spriggan defender
  5692 | D        | Noticed a spriggan defender
  5692 | D        | Noticed a spriggan defender
  5693 | D        | Killed a spriggan defender
  5694 | D        | Killed a spriggan defender
  5694 | D        | Reached skill level 10 in Ice Magic
  5699 | D        | Killed a spriggan defender
  5700 | D        | Killed a spriggan defender
  5824 | D        | Noticed a centaur warrior
  5824 | D        | Noticed a deep troll
  5826 | D        | Killed a deep troll
  5829 | D        | Killed a centaur warrior
  5829 | D        | Reached skill level 23 in Stealth
  5848 | D        | Noticed a lindwurm
  5849 | D        | Noticed a fire dragon
  5851 | D        | Killed a lindwurm
  5855 | D        | Killed a fire dragon
  5872 | D        | Noticed a scimitar of holy wrath
  5872 | D        | Noticed a mace of protection
  5872 | D        | Noticed a dire flail of distortion
  5873 | D        | Noticed a battleaxe of distortion
  5874 | D        | Killed a mace of protection
  5876 | D        | Killed a battleaxe of distortion
  5878 | D        | Killed a scimitar of holy wrath
  5880 | D        | Killed a dire flail of distortion
  5956 | D        | Killed an orange crystal statue
  5956 | D        | Reached skill level 5 in Translocations
  5965 | D        | Found Deschuh's General Store.
  5965 | D        | Found Fiet's Food Shop.
  5965 | D        | Found Issukosa's Jewellery Shoppe.
  5965 | D        | Found Tidishrosya's Book Boutique.
  5965 | D        | Found Esseghig's Magic Scroll Emporium.
  5965 | D        | Found Fujom's Antique Weapon Shop.
  5965 | D        | Found Wuizynur's Magic Scroll Emporium.
  5965 | D        | Found Kuagrunk's Antique Armour Boutique.
  5966 | D        | Found Kikiuqau's Gadget Boutique.
  5966 | D        | Found Veosuss's Distillery.
  5966 | D        | Found Zenocona's Armour Shop.
  5966 | D        | Found Cerep's Antique Armour Emporium.
  5986 | D        | Bought a scroll of magic mapping for 49 gold pieces
  5986 | D        | Bought a scroll of identify for 28 gold pieces
  5996 | D        | Bought a scroll of identify for 26 gold pieces
  5996 | D        | Bought a scroll of enchant armour for 97 gold pieces
  5996 | D        | Bought a scroll of identify for 26 gold pieces
  5996 | D        | Bought a scroll of identify for 26 gold pieces
  5996 | D        | Bought a scroll of enchant armour for 97 gold pieces
  6004 | D        | Bought a +0 cloak for 54 gold pieces
  6038 | D        | Noticed a crystal guardian
  6038 | D        | Noticed a crystal guardian
  6038 | D        | Noticed a crystal guardian
  6038 | D        | Noticed a crystal guardian
  6039 | D        | Killed a crystal guardian
  6039 | D        | Reached XP level 14. HP: 59/59 MP: 37/37
  6042 | D        | Killed a crystal guardian
  6045 | D        | Killed a crystal guardian
  6048 | D        | Killed a crystal guardian
  6079 | D        | Bought a potion of flight for 33 gold pieces
  6093 | D        | Bought a book of Clouds for 540 gold pieces
  6100 | D        | Learned a level 6 spell: Freezing Cloud
  6180 | D        | Noticed a yaktaur captain
  6180 | D        | Noticed a brown ugly thing
  6180 | D        | Noticed an ettin
  6181 | D        | Noticed a cyan ugly thing
  6181 | D        | Noticed a death drake
  6182 | D        | Killed a brown ugly thing
  6184 | D        | Killed a death drake
  6186 | D        | Killed a cyan ugly thing
  6187 | D        | an ettin changed into a fire dragon
  6211 | D        | Killed a yaktaur captain
  6215 | D        | Reached skill level 5 in Transmutations
  6329 | D        | Noticed a skeletal warrior
  6330 | D        | Noticed an iron golem
  6331 | D        | Killed a skeletal warrior
  6332 | D        | Killed an iron golem
  6336 | D        | Noticed a necromancer
  6339 | D        | Killed a necromancer
  6353 | D        | Noticed a hell knight
  6353 | D        | Noticed a hell knight
  6354 | D        | Noticed a hell knight
  6354 | D        | Noticed a hell knight
  6355 | D        | Killed a hell knight
  6356 | D        | Killed a hell knight
  6358 | D        | Killed a hell knight
  6359 | D        | Killed a hell knight
  6402 | D        | Noticed a lich
  6404 | D        | Killed a lich
  6404 | D        | Reached skill level 24 in Stealth
  6475 | D        | Noticed a mummy priest
  6476 | D        | Noticed a mummy priest
  6476 | D        | Noticed a mummy priest
  6476 | D        | Noticed a sphinx
  6476 | D        | Noticed a sphinx
  6477 | D        | Killed a mummy priest
  6739 | D        | Killed a mummy priest
  6771 | D        | Killed a mummy priest
  6932 | D        | Killed a sphinx
  6932 | D        | Reached skill level 5 in Poison Magic
  6935 | D        | Killed a sphinx
  6991 | D        | Noticed a mummy priest
  6993 | D        | Killed a mummy priest
  7135 | D        | Noticed a mummy priest
  7137 | D        | Killed a mummy priest
  7268 | D        | Noticed a guardian mummy
  7269 | D        | Noticed a mummy priest
  7270 | D        | Killed a guardian mummy
  7270 | D        | Reached skill level 5 in Air Magic
  7280 | D        | Killed a mummy priest
  7555 | D        | Noticed a green ugly thing
  7556 | D        | Noticed a purple ugly thing
  7557 | D        | Killed a green ugly thing
  7558 | D        | Noticed a ghost crab
  7559 | D        | Noticed Chuck
  7560 | D        | Killed a purple ugly thing
  7563 | D        | Killed a ghost crab
  7573 | D        | Killed Chuck
  7573 | D        | Reached skill level 15 in Hexes
  7603 | D        | Learned a level 6 spell: Poisonous Cloud
  7611 | D        | Noticed a faun
  7612 | D        | Noticed Norris
  7612 | D        | Noticed a slime creature
  7613 | D        | Killed a faun
  7615 | D        | Killed Norris
  7615 | D        | Reached skill level 25 in Stealth
  7617 | D        | Killed a slime creature
  7632 | D        | Noticed a water nymph
  7635 | D        | Killed a water nymph
  7652 | D        | Noticed a lich
  7655 | D        | Killed a lich
  7655 | D        | Reached skill level 10 in Conjurations
  7660 | D        | Noticed a slime creature
  7662 | D        | Killed a slime creature
  7663 | D        | Noticed a slime creature
  7665 | D        | Killed a slime creature
  7671 | D        | Noticed a cyclops
  7674 | D        | Killed a cyclops
  7674 | D        | Reached XP level 15. HP: 61/61 MP: 40/40
  7676 | D        | Noticed a shadow dragon
  7676 | D        | Noticed an ogre mage
  7676 | D        | Noticed a shadow dragon
  7678 | D        | Killed a shadow dragon
  7679 | D        | Killed a shadow dragon
  7679 | D        | Reached skill level 10 in Translocations
  7680 | D        | Killed an ogre mage
  7688 | D        | Noticed an obsidian statue
  7717 | D        | Killed an obsidian statue
  7967 | D        | Noticed a fire elementalist statue
  7967 | D        | Noticed a water elementalist statue
  7967 | D        | Noticed an earth elementalist statue
  7967 | D        | Noticed an air elementalist statue
  7982 | D        | Killed a water elementalist statue
  8194 | D        | Killed a fire elementalist statue
  8195 | D        | Killed an air elementalist statue
  8258 | D        | Killed an earth elementalist statue
  8326 | D        | Noticed a golden dragon zombie
  8326 | D        | Noticed a titan zombie
  8327 | D        | Noticed an iron troll simulacrum
  8327 | D        | Noticed Boris
  8327 | D        | Noticed a titan zombie
  8327 | D        | Noticed an anaconda zombie
  8328 | D        | Killed a titan zombie
  8329 | D        | Killed an iron troll simulacrum
  8343 | D        | Killed an anaconda zombie
  8402 | D        | Blown up by Boris

Vault maps used:
D:        dungeon_sprint_mu

Action                   |  1- 3 |  4- 6 |  7- 9 | 10-12 | 13-15 || total
-------------------------+-------+-------+-------+-------+-------++-------
Melee: Dagger            |    17 |     6 |    79 |    73 |   181 ||   356
       Short sword       |       |       |       |       |    37 ||    37
 Cast: Corona            |     2 |       |       |       |       ||     2
       Ensorcelled Hiber |     3 |       |    24 |    27 |    14 ||    68
       Dazzling Spray    |       |     6 |    13 |    22 |    96 ||   137
       Confuse           |       |       |     1 |       |     1 ||     2
       Stone Arrow       |       |       |     5 |     1 |    12 ||    18
       Tukima's Dance    |       |       |       |     5 |     5 ||    10
       Freezing Cloud    |       |       |       |       |     4 ||     4
       Mephitic Cloud    |       |       |       |       |     2 ||     2
Invok: Shadow Step       |       |       |       |    13 |    18 ||    31
Evoke: Wand              |       |       |       |       |     3 ||     3
  Use: Scroll            |     3 |       |       |       |    11 ||    14
       Potion            |     3 |       |       |       |     6 ||     9
 Stab: Sleeping          |     4 |     5 |    23 |    62 |    61 ||   155
       Confused          |       |       |     2 |       |       ||     2
       Invisible         |       |       |     1 |     3 |     4 ||     8
  Eat: Bread ration      |       |       |       |     1 |       ||     1
       Fruit             |       |       |       |       |     1 ||     1
